 Dungeon Crawl Stone Soup version 0.29-a0-352-g0917bc69df (webtiles) character file.

Game seed: 17535791216086576214

7 Zeldest the Sneak (level 1, -1/10 HPs)
             Began as a Felid Delver on Apr 25, 2022.
             Slain by a hound (6 damage)
             ... on level 5 of the Dungeon.
             The game lasted 00:01:42 (486 turns).

Zeldest the Sneak (Felid Delver)                     Turns: 486, Time: 00:01:43

Health: -1/10      AC:  1    Str:  8    XL:     1   Next: 91%
Magic:  2/2        EV: 17    Int: 11    God:
Gold:   34         SH:  0    Dex: 17    Spells: 0/0 levels left
                                        Lives:  0   Deaths: 0

rFire   . . .      SeeInvis +     - Unarmed
rCold   . . .      Faith    .   (shield unavailable)
rNeg    . . .      Spirit   .   (body armour unavailable)
rPois   .          Reflect  .   (helmet unavailable)
rElec   .          Harm     .   (cloak unavailable)
rCorr   .          Rampage  .   (gloves unavailable)
Will    .....                   (boots unavailable)
Stlth   ++++......              (no amulet)
HPRegen 0.03/turn               (no ring)
MPRegen 0.08/turn               (no ring)

@: quick
A: very small, claws 1, fangs 3, see invisible, speed 1, shaggy fur 1, stealthy
paws, no weapons or thrown items, no armour, multi-lived
a: no special abilities


You were on level 5 of the Dungeon.
You visited 1 branch of the dungeon, and saw 1 of its levels.

You collected 34 gold pieces.

Inventory:

Wands
 e - a wand of digging (3)
Scrolls
 a - a scroll of fog
 b - a scroll of magic mapping
 c - a scroll of fear
 g - 2 scrolls of vulnerability {unknown}
Potions
 d - 2 potions of haste
 f - a potion of mutation {unknown}


   Skills:
 + Level 3.1 Fighting
 + Level 2.9 Dodging
 * Level 6.7 Stealth
 * Level 2.2 Unarmed Combat


You couldn't memorise any spells.
You didn't know any spells.
Your spell library contained the following spells:

 Spells                   Type           Power      Damage    Failure   Level
 Hailstorm                Conj/Ice       0%         3d3       98%         4
 Ice Form                 Ice/Tmut       0%         N/A       98%         4
 Simulacrum               Ice/Necr       0%         N/A       100%        6


Dungeon Overview and Level Annotations

Branches:
Dungeon (5/15)
 Temple: D:4-7

Altars:


Innate Abilities, Weirdness & Mutations

You have sharp claws.
You have razor-sharp teeth.
You have supernaturally acute eyesight. (SInv)
You cover ground quickly. (Speed+)
You are covered in fur. (AC +1)
Your paws help you pounce on unaware monsters.
You are incapable of wielding weapons or throwing items.
You cannot wear armour.
You gain extra lives every three experience levels.


Message History

You scratch the orc. You bite the orc.
The orc is heavily wounded.
The orc hits you with a +0 whip.
You barely miss the orc. Your bite misses the orc.
The orc is heavily wounded.
You scratch the orc.
You kill the orc!
Things that are here:
a +0 whip; an orc corpse
Found 18 stones.
Found 13 gold pieces.
Found 10 gold pieces.
Found a halberd.
A hound and an ufetubus come into view.
You see here 13 gold pieces.
You now have 24 gold pieces (gained 13).
The hound barks!
You see here 10 gold pieces.
You now have 34 gold pieces (gained 10).
The hound barely misses you.
You scratch the hound.
The hound is lightly wounded.
The hound closely misses you.
A scorpion comes into view.
You barely miss the hound.
The hound is lightly wounded.
The hound bites you but does no damage.
You closely miss the hound. Your bite misses the hound.
The hound is lightly wounded.
The hound bites you but does no damage. The hound misses you.
You miss the hound.
The hound is lightly wounded.
The hound misses you.
You scratch the hound.
The hound is moderately wounded.
The hound bites you.
Ouch! That really hurt!
The hound bites you.
Ouch! That really hurt!
You die...

.................##
.................#
#...............#
#.............##
#.s..........#
##..........##
##.........#
##.h......#
##.@...#..#
###..##).# #### 5.


You could see a scorpion and a hound.

Vanquished Creatures
  An ufetubus (D:5)
  An orc (D:5)
2 creatures vanquished.

Notes
Turn   | Place    | Note
-------+----------+-------------------------------------------
     0 | D:5      | Zeldest the Felid Delver began the quest for the Orb.
     0 | D:5      | Reached XP level 1. HP: 10/10 MP: 2/2
   472 | D:5      | Noticed a hound
   482 | D:5      | Noticed a scorpion
   486 | D:5      | Slain by a hound

Illustrated notes

Levels and vault maps discovered:
D:5:      layout_cave_pods, kennysheep_mini, uniq_edmund

Action                   || total
-------------------------++-------
Melee: Unarmed           ||    13
       Bite              ||     1
Armor: Skin              ||     4
Dodge: Dodged            ||    14

Table legend: (Time is in decaauts)
 A = Elapsed time spent in this place.
 B = Non-inter-level travel time spent in this place.
 C = Inter-level travel time spent in this place.
 D = Time resting spent in this place.
 E = Time spent auto-exploring this place.
 F = Levels seen in this place.
 G = Mean time per level.
                   A        B        C        D        E       F      G
               +--------+--------+--------+--------+--------+-----+--------+
         Total |    443 |    443 |      0 |    255 |      0 |   1 |  443.0 |
       Dungeon |    443 |    443 |      0 |    255 |      0 |   1 |  443.0 |
               +--------+--------+--------+--------+--------+-----+--------+

Top non-repeatable levels by time:
     D:5: 443 daAuts
